 Dungeon Sprint DCSS version 0.24-a0-249-g2af7e83 (webtiles) character file.

Game seed: 6348024422965765819

15375840 Krakonus1 the Victor of a Thousand Battles (level 22, 212/212 HPs)
             Began as a Gnoll Fighter on Apr 13, 2019.
             Was the Champion of Okawaru.
             Escaped with the Orb
             ... and 5 runes!
             The game lasted 01:21:02 (10628 turns).

Krakonus1 the Victor of a Thousand Battles (GnFi)  Turns: 10628, Time: 01:21:03

Health: 212/212    AC: 48    Str: 29    XL:     22   Next: 30%
Magic:  53/53      EV: 30    Int: 15    God:    Okawaru [******]
Gold:   251        SH:  0    Dex: 22    Spells: 75/75 levels left

rFire    . . .     SeeInvis +   A - +5 bardiche "Pilats Muete" {speed, SInv}
rCold    + + +     Gourm    .   (shield currently unavailable)
rNeg     + + .     Faith    .   d - +17 plate armour of Darkness {rPois rC+ Dex+3}
rPois    +         Spirit   .   c - +1 hat of Xanoc {rPois Slay+2 Stlth+}
rElec    .         Reflect  .   Q - scarf {cloud immunity}
rCorr    .         Harm     .   W - +1 pair of gloves
MR       ++...     Clarity  +   p - +1 pair of boots "Cycel" {rN+ Dex+3} Stlth ++........NoTele +
                                x - amulet "Raxzau" {RegenMP rC++ rN+ Stlth-}
HPRegen  0.45/turn              t - ring "Catiqac" {MR+ Str+3 Int+3}
MPRegen  0.58/turn              L - +2 ring of slaying

@: heroism, finesse
A: distributed training, fangs 1, slimy green scales 1, clarity, strong nose
0: Orb of Zot
}: 5/17 runes: decaying, serpentine, barnacled, silver, gossamer
a: Heroism, Finesse, Renounce Religion


You escaped.
You worshipped Okawaru.
Okawaru was exalted by your worship.
You were not hungry.

You visited 1 branch You collected 1954 gold pieces.
You spent 1703 gold pieces at shops.

Inventory:

Hand Weapons
 n - the +5 glaive of Sinwe {elec, rN+ Str+4 Int+4 Dex-2}
   (You found it in the Dungeon)

   Occasionally, upon striking a foe, it will discharge some electrical energy
   and cause terrible harm.
   It affects your strength (+4).
   It affects your intelligence (+4).
   It affects your dexterity (-2).
   It protects you from negative energy.
 o - the +6 bardiche of Mastery {speed, rC- Dex+5}
   (Okawaru gifted it to you in the Dungeon)

   Attacks with this weapon are significantly faster.
   It affects your dexterity (+5).
   It makes you vulnerable to cold.
 s - a +2 scimitar of flaming
 A - the +5 bardiche "Pilats Muete" (weapon) {speed, SInv}
   (You found it in the Dungeon)

   Attacks with this weapon are significantly faster.
   It lets you see invisible.
Missiles
 u - 17 javelins
 K - 8 javelins of returning (quivered)
 R - 26 poisoned javelins
 S - 20 silver javelins
 T - 7 tomahawks
 U - 6 javelins of penetration
Armour
 c - the +1 hat of Xanoc (worn) {rPois Slay+2 Stlth+}
   (Okawaru gifted it to you in the Dungeon)

   It affects your accuracy and damage with ranged weapons and melee attacks
   (+2).
   It protects you from poison.
   It makes you more stealthy.
 d - the +17 plate armour of Darkness (worn) {rPois rC+ Dex+3}
   (You bought it in a shop in the Dungeon)

   It affects your dexterity (+3).
   It protects you from cold.
   It protects you from poison.
 e - a +1 cloak of poison resistance
 g - a +3 large shield
 p - the +1 pair of boots "Cycel" (worn) {rN+ Dex+3}
   (Okawaru gifted it to you in the Dungeon)

   It affects your dexterity (+3).
   It protects you from negative energy.
 O - a +2 shield of resistance
 Q - a scarf of cloud immunity (worn)
 W - a +1 pair of gloves (worn)
 Z - a +2 pair of boots
Jewellery
 t - the ring "Catiqac" (left hand) {MR+ Str+3 Int+3}
   (You found it in the Dungeon)

   [ring of strength]

   It affects your strength (+3).
   It affects your intelligence (+3).
   It affects your resistance to hostile enchantments.
 w - the amulet of Cahyrch {Gourm MR+ Stlth+}
   (You found it in the Dungeon)

   [amulet of the gourmand]

   It allows you to eat raw meat even when not hungry.
   It affects your resistance to hostile enchantments.
   It makes you more stealthy.
 x - the amulet "Raxzau" (around neck) {RegenMP rC++ rN+ Stlth-}
   (You found it in the Dungeon)

   [amulet of magic regeneration]

   It increases your magic regeneration.
   It greatly protects you from cold.
   It protects you from negative energy.
   It makes you less stealthy.
 y - a +3 ring of strength
 B - an uncursed ring of protection from fire
 C - a +4 ring of evasion
 D - an uncursed ring of ice
 G - a +4 ring of evasion
 L - a +2 ring of slaying (right hand)
 N - the ring "Vuanweov" {rN+ Dex+3}
   (You found it in the Dungeon)

   [ring of dexterity]

   It affects your dexterity (+3).
   It protects you from negative energy.
 P - a +2 ring of protection
 V - the ring "Erio" {rPois rC+ MR- Int+6}
   (You found it in the Dungeon)

   [ring of protection from cold]

   It affects your intelligence (+6).
   It protects you from cold.
   It protects you from poison.
   It affects your resistance to hostile enchantments.
 X - an uncursed ring of ice
 Y - an uncursed ring of protection from magic
Wands
 m - a wand of acid (16)
Scrolls
 j - 3 scrolls of remove curse
 k - 2 scrolls of amnesia
 l - 2 scrolls of blinking
 q - 6 scrolls of enchant armour
 H - 6 scrolls of enchant weapon
 I - 6 scrolls of fear
 J - 2 scrolls of fog
Potions
 b - a potion of ambrosia
 h - 4 potions of curing
 i - 4 potions of magic
 E - 3 potions of berserk rage
 F - 2 potions of brilliance
 M - a potion of cancellation
Comestibles
 a - 2 chunks of flesh
 f - 12 rations


   Skills:
 O Level 27 Fighting
 O Level 27 Short Blades
 O Level 27 Long Blades
 O Level 27 Axes
 O Level 27 Maces & Flails
 O Level 27 Polearms
 O Level 27 Staves
 O Level 27 Slings
 O Level 27 Bows
 O Level 27 Crossbows
 O Level 27 Throwing
 O Level 27 Armour
 O Level 27 Dodging
 O Level 27 Stealth
 O Level 27 Shields
 O Level 27 Unarmed Combat
 O Level 27 Spellcasting
 + Level 24.6 Conjurations
 + Level 24.6 Hexes
 + Level 24.6 Charms
 + Level 24.6 Summonings
 + Level 24.6 Necromancy
 + Level 24.6 Translocations
 + Level 24.6 Transmutations
 + Level 24.6 Fire Magic
 + Level 24.6 Ice Magic
 + Level 24.6 Air Magic
 + Level 24.6 Earth Magic
 + Level 24.6 Poison Magic
 O Level 27 Invocations
 O Level 27 Evocations


You had 75 spell levels left.
You didn't know any spells.
Your spell library was empty.

Dungeon Overview and Level Annotations

Branches:
Dungeon (1/1)

Altars:
Cheibriados
Dithmenos
Elyvilon
Fedhas
Gozag
Hepliaklqana
Kikubaaqudgha
Makhleb
Nemelex Xobeh
Okawaru
Qazlal
Ru
Sif Muna
Trog
Uskayaw
Vehumet
Wu Jian
Xom
Yredelemnul
Zin
The Shining One
Beogh
Jiyva
Lugonu

Shops:
D =![*


Innate Abilities, Weirdness & Mutations

Your experience applies equally to all skills.
You have very sharp teeth.
Your uncanny sense of smell can sniff out nearby items.
You are partially covered in slimy green scales. (AC +2)
You possess an exceptional clarity of mind.


Message History

There is a sparkling altar of Nemelex Xobeh here.
There is a burning altar of Makhleb here.
There is a corrupted altar of Lugonu here.
There is an ancient bone altar of Kikubaaqudgha here.
There is a viscous altar of Jiyva here.
There is a hazy altar of Hepliaklqana here.
There is an opulent altar of Gozag here.
There is a blossoming altar of Fedhas here.
There is a white marble altar of Elyvilon here.
There is a shadowy altar of Dithmenos here.
There is a snail-covered altar of Cheibriados here.
There is a roughly hewn altar of Beogh here.
There is an open door to the Temple here.
There is an open door here.
You see here a +0 giant spiked club.
You see here a +0 club.
There is an open door to the Dungeon, spattered with blood here.
You see here a +0 dagger.
There is a staircase leading out of the dungeon here.
You have escaped!

▓▓▓▓▓▓▓▓▓▓▓▓▓▓▓▓▓▓
'.....)....)')..@▓
▓▓▓▓▓▓▓▓▓▓▓▓▓▓▓▓▓▓
.................▓
▓▓▓▓▓▓▓▓▓▓▓▓▓▓▓▓.▓
....÷.)..'.......▓
▓▓▓▓▓▓▓▓▓▓▓▓▓▓▓▓▓▓
.................▓
▓▓▓▓▓▓▓▓▓▓▓▓▓▓▓▓.▓
)[.).............▓


There were no monsters in sight!

Vanquished Creatures
  6 pandemonium lords (D)
  A seraph (D)
  4 ancient liches (D)
  3 orbs of fire (D)
  Mara (D)
  Mennas (D)
  Boris (D)
  Frederick (D)
  Nikola (D)
  A bone dragon (D)
  4 golden dragons (D)
  3 Brimstone Fiends (D)
  4 electric golems (D)
  Rupert (D)
  An Ice Fiend (D)
  4 tentacled monstrosities (D)
  3 Hell Sentinels (D)
  2 liches (D)
  34 Orb Guardians (D)
  3 death cobs (D)
  Frances (D)
  8 shadow dragons (D)
  A thorn hunter (D)
  6 nagarajas (D)
  Ilsuiw (D)
  A draconian monk (D)
  7 storm dragons (D)
  A frost giant (D)
  2 vault wardens (D)
  4 emperor scorpions (D)
  3 balrugs (D)
  3 draconian scorchers (D)
  2 ghost moths (D)
  Louise (D)
  2 fire giants (D)
  An orc warlord (D)
  A draconian shifter (D)
  An angel (D)
  Aizul (D)
  3 reapers (D)
  5 ironheart preservers (D)
  3 draconian stormcallers (D)
  2 very ugly things (D)
  A war gargoyle (D)
  3 stone giants (D)
  A corrupter (D)
  A vampire knight (D)
  A draconian annihilator (D)
  An entropy weaver (D)
  2 lorocyprocas (D)
  4 red draconians (D)
  Nessos (D)
  6 black draconians (D)
  2 green draconians (D)
  A black sun (D)
  2 yellow draconians (D)
  2 purple draconians (D)
  A spark wasp (D)
  A blizzard demon (D)
  4 white draconians (D)
  4 ettins (D)
  Snorg (D)
  3 merfolk javelineers (D)
  A yaktaur captain (D)
  5 merfolk impalers (D)
  2 fire dragons (D)
  5 ice dragons (D)
  A hell beast (D)
  8 hydras (D)
  5 great orbs of eyes (D)
  Erolcha (D)
  25 vault guards (D)
  3 rakshasas (D)
  A naga warrior (D)
  3 merfolk aquamancers (D)
  An anaconda (D)
  6 two-headed ogres (D)
  4 ogre magi (D)
  2 merfolk avatars (D)
  A deep troll earth mage (D)
  2 death knights (D)
  2 alligators (D)
  A shambling mangrove (D)
  3 centaur warriors (D)
  2 tengu warriors (D)
  A naga sharpshooter (D)
  A deep troll shaman (D)
  An orc high priest (D)
  2 spriggan berserkers (D)
  A soul eater (D)
  A sun demon (D)
  A shock serpent (D)
  A skeletal warrior (D)
  A sixfirhy (D)
  3 sea snakes (D)
  A death drake (shapeshifter) (D)
  2 salamander mystics (D)
  A deep troll (D)
  2 cherubim (D)
  An infernal demonspawn (D)
  4 swamp dragons (D)
  2 shadow demons (D)
  A torturous demonspawn (D)
  6 orc knights (D)
  2 ironbrand convokers (D)
  A deep elf mage (D)
  An orb spider (D)
  An ugly thing (D)
  5 wolf spiders (D)
  A merfolk siren (D)
  2 manticores (D)
  2 cyclopes (D)
  A toenail golem (D)
  2 vault sentinels (D)
  8 moths of wrath (D)
  A black mamba (D)
  3 guardian serpents (D)
  A guardian serpent (shapeshifter) (D)
  Psyche (D)
  2 smoke demons (D)
  3 rust devils (D)
  2 naga magi (D)
  5 spiny frogs (D)
  2 hellions (D)
  2 komodo dragons (D)
  2 demonic crawlers (D)
  2 yaktaurs (D)
  A tormentor (D)
  2 freezing wraiths (D)
  An ice devil (D)
  A tengu conjurer (D)
  5 hellwings (D)
  2 jumping spiders (D)
  5 red devils (D)
  A merfolk (D)
  3 polar bears (D)
  3 hornets (D)
  2 bog bodies (D)
  A snapping turtle (shapeshifter) (D)
  A large abomination (D)
  A slime creature (D)
  2 redbacks (D)
  A water elemental (D)
  2 tarantellas (D)
  A ynoxinul (D)
  2 yaks (D)
  A human (shapeshifter) (D)
  A wyvern (D)
  A hungry ghost (D)
  2 chaos spawn (D)
  A vampire mosquito (D)
  3 nagas (D)
  An insubstantial wisp (D)
  A porcupine (D)
  2 water moccasins (D)
  2 eyes of draining (D)
  2 swamp drakes (D)
  5 black bears (D)
  14 orc warriors (D)
  2 sky beasts (D)
  6 ogres (D)
  A wolf (D)
  A boggart (D)
  4 crocodiles (D)
  A small abomination (D)
  5 bullfrogs (D)
  A scorpion (D)
  A killer bee (D)
  2 crimson imps (D)
  4 orc priests (D)
  2 jellies (D)
  An orc wizard (D)
  An ooze (D)
  A leopard gecko (D)
  6 orcs (D)
  A bat (D)
  2 goblins (D)
  A hobgoblin (D)
  A ball python (D)
  A frilled lizard (D)
  A jackal skeleton (D)
  2 rats (D)
  A briar patch (D)
472 creatures vanquished.

Vanquished Creatures (others)
  A wizard (D)
  A naga mage (D)
2 creatures vanquished.

Grand Total: 474 creatures vanquished

Notes
Turn   | Place    | Note
-------+----------+-------------------------------------------
     0 | D        | Krakonus1 the Gnoll Fighter began the quest for the Orb.
     0 | D        | Reached XP level 1. HP: 23/23 MP: 1/1
    12 | D        | Reached skill level 1 in Invocations
    23 | D        | Noticed a sky beast
    23 | D        | Noticed a jelly
    23 | D        | Noticed an ogre
    33 | D        | Killed an ogre
    33 | D        | Reached skill level 5 in Polearms
    33 | D        | Reached XP level 2. HP: 27/31 MP: 2/5
    33 | D        | Reached XP level 3. HP: 32/36 MP: 2/7
    33 | D        | Reached XP level 4. HP: 38/43 MP: 2/8
    35 | D        | Reached XP level 5. HP: 43/48 MP: 2/9
   437 | D        | Killed a sky beast
   449 | D        | Found a roughly hewn altar of Beogh.
   449 | D        | Found a snail-covered altar of Cheibriados.
   449 | D        | Found a shadowy altar of Dithmenos.
   449 | D        | Found a white marble altar of Elyvilon.
   449 | D        | Found a blossoming altar of Fedhas.
   449 | D        | Found an opulent altar of Gozag.
   450 | D        | Found a hazy altar of Hepliaklqana.
   451 | D        | Found a viscous altar of Jiyva.
   452 | D        | Found an ancient bone altar of Kikubaaqudgha.
   453 | D        | Found a corrupted altar of Lugonu.
   454 | D        | Found a burning altar of Makhleb.
   455 | D        | Found a sparkling altar of Nemelex Xobeh.
   456 | D        | Found an iron altar of Okawaru.
   457 | D        | Found a stormy altar of Qazlal.
   458 | D        | Found a sacrificial altar of Ru.
   459 | D        | Found a deep blue altar of Sif Muna.
   460 | D        | Found a bloodstained altar of Trog.
   461 | D        | Found a hide-covered altar of Uskayaw.
   462 | D        | Found a radiant altar of Vehumet.
   463 | D        | Found an ornate altar of the Wu Jian Council.
   464 | D        | Became a worshipper of Warmaster Okawaru
   465 | D        | Found a shimmering altar of Xom.
   466 | D        | Found a basalt altar of Yredelemnul.
   467 | D        | Found a glowing silver altar of Zin.
   468 | D        | Found a glowing golden altar of the Shining One.
   519 | D        | Noticed an orc warrior
   519 | D        | Noticed a sky beast
   528 | D        | Killed a sky beast
   528 | D        | Reached XP level 6. HP: 56/56 MP: 10/12
   533 | D        | Reached * piety under Okawaru
   533 | D        | Reached skill level 5 in Invocations
   551 | D        | Killed an orc warrior
   551 | D        | Reached skill level 5 in Short Blades
   551 | D        | Reached skill level 5 in Long Blades
   551 | D        | Reached skill level 5 in Axes
   551 | D        | Reached skill level 5 in Maces & Flails
   551 | D        | Reached skill level 5 in Staves
   551 | D        | Reached skill level 5 in Slings
   551 | D        | Reached skill level 5 in Bows
   551 | D        | Reached skill level 5 in Crossbows
   551 | D        | Reached skill level 5 in Throwing
   551 | D        | Reached skill level 5 in Dodging
   551 | D        | Reached skill level 5 in Stealth
   551 | D        | Reached skill level 5 in Unarmed Combat
   551 | D        | Reached skill level 5 in Spellcasting
   551 | D        | Reached skill level 5 in Evocations
   551 | D        | Reached XP level 7. HP: 32/63 MP: 10/14
   709 | D        | Noticed a yak
   709 | D        | Noticed a centaur warrior
   709 | D        | Noticed a wyvern
   709 | D        | Noticed a hungry ghost
   720 | D        | Killed a hungry ghost
   728 | D        | Killed a wyvern
   732 | D        | Killed a centaur warrior
   732 | D        | Reached ** piety under Okawaru
   732 | D        | Reached skill level 5 in Conjurations
   732 | D        | Reached skill level 5 in Hexes
   732 | D        | Reached skill level 5 in Charms
   732 | D        | Reached skill level 5 in Summonings
   732 | D        | Reached skill level 5 in Necromancy
   732 | D        | Reached skill level 5 in Translocations
   732 | D        | Reached skill level 5 in Transmutations
   732 | D        | Reached skill level 5 in Fire Magic
   732 | D        | Reached skill level 5 in Ice Magic
   732 | D        | Reached skill level 5 in Air Magic
   732 | D        | Reached skill level 5 in Earth Magic
   732 | D        | Reached skill level 5 in Poison Magic
   732 | D        | Reached XP level 8. HP: 39/71 MP: 13/18
   738 | D        | Reached *** piety under Okawaru
   743 | D        | Killed a yak
   743 | D        | Reached XP level 9. HP: 45/77 MP: 14/19
   995 | D        | Gained mutation: You are partially covered in slimy green
                  | scales. (AC +2) [potion of mutation]
   995 | D        | Gained mutation: You possess an exceptional clarity of
                  | mind. [potion of mutation]
   996 | D        | Noticed a spiny frog
   996 | D        | Noticed a spiny frog
   996 | D        | Noticed a spiny frog
   996 | D        | Noticed a komodo dragon
  1003 | D        | Killed a komodo dragon
  1007 | D        | Killed a spiny frog
  1007 | D        | Reached skill level 10 in Fighting
  1007 | D        | Reached skill level 10 in Armour
  1007 | D        | Reached skill level 10 in Shields
  1016 | D        | Killed a spiny frog
  1022 | D        | Killed a spiny frog
  1022 | D        | Reached **** piety under Okawaru
  1026 | D        | Received a gift from Okawaru
  1052 | D        | Noticed a komodo dragon
  1056 | D        | Reached XP level 10. HP: 79/86 MP: 19/22
  1057 | D        | Noticed a spiny frog
  1095 | D        | Killed a spiny frog
  1140 | D        | Reached skill level 10 in Polearms
  1148 | D        | Reached ***** piety under Okawaru
  1159 | D        | Received a gift from Okawaru
  1268 | D        | Noticed Psyche
  1270 | D        | Noticed Erolcha
  1278 | D        | Killed Psyche
  1278 | D        | Reached skill level 10 in Invocations
  1282 | D        | Killed Erolcha
  1282 | D        | Received a gift from Okawaru
  1334 | D        | Noticed an orc knight
  1338 | D        | Reached XP level 11. HP: 93/93 MP: 21/24
  1355 | D        | Killed an orc knight
  1355 | D        | Received a gift from Okawaru
  1491 | D        | Noticed an orc knight
  1491 | D        | Noticed an orc high priest
  1512 | D        | Killed an orc high priest
  1533 | D        | Killed an orc knight
  1533 | D        | Received a gift from Okawaru
  1536 | D        | Reached skill level 10 in Short Blades
  1536 | D        | Reached skill level 10 in Long Blades
  1536 | D        | Reached skill level 10 in Axes
  1536 | D        | Reached skill level 10 in Maces & Flails
  1536 | D        | Reached skill level 10 in Staves
  1536 | D        | Reached skill level 10 in Slings
  1536 | D        | Reached skill level 10 in Bows
  1536 | D        | Reached skill level 10 in Crossbows
  1536 | D        | Reached skill level 10 in Throwing
  1536 | D        | Reached skill level 10 in Dodging
  1536 | D        | Reached skill level 10 in Stealth
  1536 | D        | Reached skill level 10 in Unarmed Combat
  1536 | D        | Reached skill level 10 in Spellcasting
  1536 | D        | Reached skill level 10 in Evocations
  1596 | D        | Got a slimy helmet {god gift}
  1619 | D        | Identified the -1 helmet of Morality {MR+ Int+4} (Okawaru
                  | gifted it to you in the Dungeon)
  1731 | D        | Found Gyro Dac's Assorted Antiques.
  1731 | D        | Noticed a two-headed ogre
  1731 | D        | Noticed a two-headed ogre
  1733 | D        | Noticed a two-headed ogre
  1739 | D        | Noticed a two-headed ogre
  1744 | D        | Killed a two-headed ogre
  1745 | D        | Found Yttitama's Armour Shop.
  1750 | D        | Killed a two-headed ogre
  1756 | D        | Killed a two-headed ogre
  1759 | D        | Found Laak's Distillery.
  1764 | D        | Killed a two-headed ogre
  1765 | D        | Found Ohamoarch's Jewellery Shop.
  1768 | D        | Noticed a two-headed ogre
  1769 | D        | Noticed a two-headed ogre
  1770 | D        | Noticed an ogre mage
  1772 | D        | Noticed an ogre mage
  1776 | D        | Killed a two-headed ogre
  1780 | D        | Killed a two-headed ogre
  1780 | D        | Reached XP level 12. HP: 90/103 MP: 23/26
  1783 | D        | Killed an ogre mage
  1786 | D        | Killed an ogre mage
  1858 | D        | Bought the +17 plate armour of Darkness {rPois rC+ Dex+3}
                  | for 1703 gold pieces
  1868 | D        | Krakonus1: Oh yeah
  2152 | D        | Got the cursed +0 pair of boots "Okhainee" {*Slow rF+ rN+
                  | MR++}
  2239 | D        | Got the +1 whip of Zosym {venom, rPois rN+ MR- Stlth+}
  2288 | D        | Noticed a seven-headed hydra
  2288 | D        | Noticed an ogre mage
  2298 | D        | Killed an ogre mage
  2300 | D        | Noticed a red very ugly thing
  2315 | D        | Killed a one-headed hydra
  2322 | D        | Noticed an ettin
  2324 | D        | Noticed a rakshasa
  2329 | D        | Killed a red very ugly thing
  2329 | D        | Received a gift from Okawaru
  2333 | D        | Noticed a rakshasa
  2338 | D        | Noticed an ettin
  2344 | D        | Noticed an ettin
  2349 | D        | Killed an ettin
  2350 | D        | Noticed an ettin
  2362 | D        | Killed a rakshasa
  2362 | D        | Reached skill level 10 in Conjurations
  2362 | D        | Reached skill level 10 in Hexes
  2362 | D        | Reached skill level 10 in Charms
  2362 | D        | Reached skill level 10 in Summonings
  2362 | D        | Reached skill level 10 in Necromancy
  2362 | D        | Reached skill level 10 in Translocations
  2362 | D        | Reached skill level 10 in Transmutations
  2362 | D        | Reached skill level 10 in Fire Magic
  2362 | D        | Reached skill level 10 in Ice Magic
  2362 | D        | Reached skill level 10 in Air Magic
  2362 | D        | Reached skill level 10 in Earth Magic
  2362 | D        | Reached skill level 10 in Poison Magic
  2363 | D        | Noticed a fire dragon
  2387 | D        | Killed a rakshasa
  2387 | D        | Reached ****** piety under Okawaru
  2396 | D        | Killed an ettin
  2396 | D        | Received a gift from Okawaru
  2408 | D        | Killed a fire dragon
  2415 | D        | Got a crude bardiche {god gift}
  2481 | D        | Noticed Frances
  2504 | D        | Killed Frances
  2504 | D        | Reached XP level 13. HP: 104/111 MP: 22/29
  2514 | D        | Identified the +6 bardiche of Mastery {speed, rC- Dex+5}
                  | (Okawaru gifted it to you in the Dungeon)
  2647 | D        | Noticed a spark wasp
  2654 | D        | Killed a spark wasp
  2654 | D        | Received a gift from Okawaru
  2703 | D        | Received a gift from Okawaru
  2712 | D        | Noticed a thorn hunter
  2736 | D        | Killed a thorn hunter
  2736 | D        | Received a gift from Okawaru
  2805 | D        | Noticed a nagaraja
  2824 | D        | Killed a nagaraja
  3070 | D        | Reached XP level 14. HP: 121/121 MP: 26/31
  3175 | D        | Noticed Nessos
  3186 | D        | Killed Nessos
  3194 | D        | Noticed Snorg
  3201 | D        | Killed Snorg
  3267 | D        | Noticed a shadow dragon
  3267 | D        | Noticed a stone giant
  3267 | D        | Noticed a vampire knight
  3289 | D        | Received a gift from Okawaru
  3289 | D        | Reached skill level 15 in Fighting
  3289 | D        | Reached skill level 15 in Armour
  3289 | D        | Reached skill level 15 in Shields
  3312 | D        | Killed a stone giant
  3312 | D        | Reached skill level 15 in Invocations
  3317 | D        | Killed a vampire knight
  3329 | D        | Killed a shadow dragon
  3336 | D        | Received a gift from Okawaru
  3338 | D        | Noticed a fire giant
  3340 | D        | Noticed a storm dragon
  3343 | D        | Received a gift from Okawaru
  3346 | D        | Noticed a stone giant
  3358 | D        | Killed a fire giant
  3358 | D        | Received a gift from Okawaru
  3364 | D        | Killed a storm dragon
  3369 | D        | Reached skill level 15 in Polearms
  3372 | D        | Killed a stone giant
  3570 | D        | Noticed an ironheart preserver
  3589 | D        | Paralysed by a wizard for 7 turns
  3594 | D        | Noticed an ironheart preserver
  3603 | D        | Killed an ironheart preserver
  3613 | D        | Killed an ironheart preserver
  3614 | D        | Noticed a vault warden
  3619 | D        | Reached skill level 15 in Short Blades
  3619 | D        | Reached skill level 15 in Long Blades
  3619 | D        | Reached skill level 15 in Axes
  3619 | D        | Reached skill level 15 in Maces & Flails
  3619 | D        | Reached skill level 15 in Staves
  3619 | D        | Reached skill level 15 in Slings
  3619 | D        | Reached skill level 15 in Bows
  3619 | D        | Reached skill level 15 in Crossbows
  3619 | D        | Reached skill level 15 in Throwing
  3619 | D        | Reached skill level 15 in Dodging
  3619 | D        | Reached skill level 15 in Stealth
  3619 | D        | Reached skill level 15 in Unarmed Combat
  3619 | D        | Reached skill level 15 in Spellcasting
  3619 | D        | Reached skill level 15 in Evocations
  3626 | D        | Received a gift from Okawaru
  3626 | D        | Reached XP level 15. HP: 91/131 MP: 30/34
  3632 | D        | Killed a vault warden
  3635 | D        | Got a transparent hat {god gift}
  3648 | D        | Identified the +1 hat of Xanoc {rPois Slay+2 Stlth+}
                  | (Okawaru gifted it to you in the Dungeon)
  3926 | D        | Noticed Mara
  3929 | D        | Noticed Aizul
  3931 | D        | Killed Mara
  3937 | D        | Killed Aizul
  4032 | D        | Got the +0 triple sword "Wimu" {elec, Fragile +Rage rC+
                  | Dex+2}
  4036 | D        | Got the +3 longbow of Generosity {velocity, rElec rF+
                  | Int+2}
  4042 | D        | Got the +3 longbow of the Extremely Mad {venom, rN+ Str+3}
  4189 | D        | Noticed Louise
  4194 | D        | Killed Louise
  4211 | D        | Noticed Boris
  4213 | D        | Noticed Frederick
  4231 | D        | Killed Boris
  4231 | D        | Received a gift from Okawaru
  4235 | D        | Killed Frederick
  4263 | D        | Noticed a nagaraja
  4421 | D        | Noticed a nagaraja
  4421 | D        | Noticed a nagaraja
  4423 | D        | Killed a nagaraja
  4426 | D        | Killed a nagaraja
  4431 | D        | Noticed a nagaraja
  4436 | D        | Received a gift from Okawaru
  4440 | D        | Killed a nagaraja
  4445 | D        | Noticed a nagaraja
  4447 | D        | Killed a nagaraja
  4447 | D        | Reached XP level 16. HP: 141/141 MP: 31/36
  4455 | D        | Killed a nagaraja
  4465 | D        | Got a serpentine rune of Zot
  4507 | D        | Noticed Ilsuiw
  4550 | D        | Killed Ilsuiw
  4593 | D        | Got a barnacled rune of Zot
  4664 | D        | Reached skill level 15 in Conjurations
  4664 | D        | Reached skill level 15 in Hexes
  4664 | D        | Reached skill level 15 in Charms
  4664 | D        | Reached skill level 15 in Summonings
  4664 | D        | Reached skill level 15 in Necromancy
  4664 | D        | Reached skill level 15 in Translocations
  4664 | D        | Reached skill level 15 in Transmutations
  4664 | D        | Reached skill level 15 in Fire Magic
  4664 | D        | Reached skill level 15 in Ice Magic
  4664 | D        | Reached skill level 15 in Air Magic
  4664 | D        | Reached skill level 15 in Earth Magic
  4664 | D        | Reached skill level 15 in Poison Magic
  4709 | D        | Received a gift from Okawaru
  4723 | D        | Got a gossamer rune of Zot
  5056 | D        | Received a gift from Okawaru
  5078 | D        | Received a gift from Okawaru
  5110 | D        | Got a decaying rune of Zot
  5189 | D        | Noticed Rupert
  5199 | D        | Killed Rupert
  5210 | D        | Noticed Nikola
  5225 | D        | Killed Nikola
  5225 | D        | Received a gift from Okawaru
  5294 | D        | Received a gift from Okawaru
  5304 | D        | Reached XP level 17. HP: 153/153 MP: 34/39
  5360 | D        | Reached skill level 20 in Invocations
  5545 | D        | Reached skill level 20 in Fighting
  5545 | D        | Reached skill level 20 in Armour
  5545 | D        | Reached skill level 20 in Shields
  5547 | D        | Received a gift from Okawaru
  5704 | D        | Noticed a golden dragon
  5704 | D        | Noticed a golden dragon
  5714 | D        | Killed a golden dragon
  5718 | D        | Killed a golden dragon
  5732 | D        | Reached skill level 20 in Polearms
  5740 | D        | Received a gift from Okawaru
  5756 | D        | Got a silver rune of Zot
  5760 | D        | Got a pitted chain mail
  5795 | D        | Identified the cursed +0 chain mail "Ciumas" {rCorr} (You
                  | found it in the Dungeon)
  5976 | D        | Noticed Mennas
  6011 | D        | Killed Mennas
  6011 | D        | Reached skill level 20 in Short Blades
  6011 | D        | Reached skill level 20 in Long Blades
  6011 | D        | Reached skill level 20 in Axes
  6011 | D        | Reached skill level 20 in Maces & Flails
  6011 | D        | Reached skill level 20 in Staves
  6011 | D        | Reached skill level 20 in Slings
  6011 | D        | Reached skill level 20 in Bows
  6011 | D        | Reached skill level 20 in Crossbows
  6011 | D        | Reached skill level 20 in Throwing
  6011 | D        | Reached skill level 20 in Dodging
  6011 | D        | Reached skill level 20 in Stealth
  6011 | D        | Reached skill level 20 in Unarmed Combat
  6011 | D        | Reached skill level 20 in Spellcasting
  6011 | D        | Reached skill level 20 in Evocations
  6011 | D        | Reached XP level 18. HP: 95/164 MP: 36/42
  6238 | D        | Got the ring "Catiqac" {MR+ Str+3 Int+3}
  6240 | D        | Got the amulet of Cahyrch {Gourm MR+ Stlth+}
  6242 | D        | Got the ring "Vuanweov" {rN+ Dex+3}
  6244 | D        | Got the ring "Erio" {rPois rC+ MR- Int+6}
  6251 | D        | Got the amulet "Raxzau" {RegenMP rC++ rN+ Stlth-}
  6259 | D        | Got the +5 bardiche "Pilats Muete" {speed, SInv}
  6394 | D        | Got the +5 glaive of Sinwe {elec, rN+ Str+4 Int+4 Dex-2}
  6617 | D        | Noticed a bone dragon
  6647 | D        | Killed a bone dragon
  6657 | D        | Received a gift from Okawaru
  6674 | D        | Noticed a tentacled monstrosity
  6674 | D        | Noticed a tentacled monstrosity
  6695 | D        | Killed a tentacled monstrosity
  6701 | D        | Killed a tentacled monstrosity
  6904 | D        | Noticed an electric golem
  6922 | D        | Received a gift from Okawaru
  6955 | D        | Killed an electric golem
  7166 | D        | Noticed an orb of fire
  7187 | D        | Killed an orb of fire
  7187 | D        | Reached XP level 19. HP: 112/176 MP: 42/44
  7202 | D        | Noticed a tentacled monstrosity
  7207 | D        | Killed a tentacled monstrosity
  7208 | D        | Noticed a golden dragon
  7215 | D        | Killed a golden dragon
  7215 | D        | Received a gift from Okawaru
  7472 | D        | Received a gift from Okawaru
  7517 | D        | Noticed a golden dragon
  7539 | D        | Killed a golden dragon
  7539 | D        | Reached skill level 20 in Conjurations
  7539 | D        | Reached skill level 20 in Hexes
  7539 | D        | Reached skill level 20 in Charms
  7539 | D        | Reached skill level 20 in Summonings
  7539 | D        | Reached skill level 20 in Necromancy
  7539 | D        | Reached skill level 20 in Translocations
  7539 | D        | Reached skill level 20 in Transmutations
  7539 | D        | Reached skill level 20 in Fire Magic
  7539 | D        | Reached skill level 20 in Ice Magic
  7539 | D        | Reached skill level 20 in Air Magic
  7539 | D        | Reached skill level 20 in Earth Magic
  7539 | D        | Reached skill level 20 in Poison Magic
  7549 | D        | Received a gift from Okawaru
  7559 | D        | Noticed an ancient lich
  7564 | D        | Killed an ancient lich
  7564 | D        | Received a gift from Okawaru
  7567 | D        | Noticed an orb of fire
  7576 | D        | Killed an orb of fire
  7576 | D        | Received a gift from Okawaru
  7576 | D        | Reached XP level 20. HP: 139/188 MP: 47/47
  7704 | D        | Noticed an electric golem
  7709 | D        | Killed an electric golem
  7709 | D        | Received a gift from Okawaru
  7713 | D        | Noticed an electric golem
  7713 | D        | Noticed an electric golem
  7721 | D        | Killed an electric golem
  7732 | D        | Noticed an orb of fire
  7735 | D        | Killed an electric golem
  7759 | D        | Killed an orb of fire
  7759 | D        | Received a gift from Okawaru
  7767 | D        | Received a gift from Okawaru
  7770 | D        | Noticed an ancient lich
  7791 | D        | Killed an ancient lich
  7797 | D        | Noticed an ancient lich
  7816 | D        | Killed an ancient lich
  8093 | D        | Received a gift from Okawaru
  8261 | D        | Got the Orb of Zot
  8708 | D        | Reached XP level 21. HP: 199/199 MP: 50/50
  8781 | D        | Noticed a seraph
  8794 | D        | Reached skill level 27 in Invocations
  8796 | D        | Killed a seraph
  8796 | D        | Received a gift from Okawaru
  8796 | D        | Received a gift from Okawaru
  8809 | D        | Got a pair of scorched boots {god gift}
  8820 | D        | Identified the +1 pair of boots "Cycel" {rN+ Dex+3}
                  | (Okawaru gifted it to you in the Dungeon)
  9080 | D        | Noticed Olyly the pandemonium lord
  9110 | D        | Killed Olyly the pandemonium lord
  9503 | D        | Noticed Utal the pandemonium lord
  9522 | D        | Killed Utal the pandemonium lord
  9539 | D        | Noticed an ancient lich
  9546 | D        | Killed an ancient lich
  9556 | D        | Noticed Soc Su Zin the pandemonium lord
  9570 | D        | Killed Soc Su Zin the pandemonium lord
  9724 | D        | Reached skill level 27 in Fighting
  9724 | D        | Reached skill level 27 in Armour
  9724 | D        | Reached skill level 27 in Shields
  9820 | D        | Received a gift from Okawaru
  9985 | D        | Reached skill level 27 in Polearms
 10065 | D        | Noticed Raulepte the pandemonium lord
 10084 | D        | Killed Raulepte the pandemonium lord
 10084 | D        | Reached XP level 22. HP: 123/212 MP: 52/52
 10088 | D        | Reached skill level 27 in Short Blades
 10088 | D        | Reached skill level 27 in Long Blades
 10088 | D        | Reached skill level 27 in Axes
 10088 | D        | Reached skill level 27 in Maces & Flails
 10088 | D        | Reached skill level 27 in Staves
 10088 | D        | Reached skill level 27 in Slings
 10088 | D        | Reached skill level 27 in Bows
 10088 | D        | Reached skill level 27 in Crossbows
 10088 | D        | Reached skill level 27 in Throwing
 10088 | D        | Reached skill level 27 in Dodging
 10088 | D        | Reached skill level 27 in Stealth
 10088 | D        | Reached skill level 27 in Unarmed Combat
 10088 | D        | Reached skill level 27 in Spellcasting
 10088 | D        | Reached skill level 27 in Evocations
 10292 | D        | Noticed Voqymowe the pandemonium lord
 10308 | D        | Killed Voqymowe the pandemonium lord
 10308 | D        | Received a gift from Okawaru
 10363 | D        | Received a gift from Okawaru
 10380 | D        | Noticed Xaah the pandemonium lord
 10399 | D        | Killed Xaah the pandemonium lord
 10628 | D        | Escaped with the Orb!

Levels and vault maps discovered:
D:        linesprint [early_d, line_temple, items_1, d_10, items_2, lair_1,
          lair_end, items_3, orc_1, orc_end, items_4, d_15, swamp_1, shoals_1,
          snake_1, spider_1, d_20, vaults_1, items_5, swamp_end, shoals_end,
          snake_end, spider_end, vaults_end, d_27, items_6, zot_1, zot_end,
          crypt_end, forest_end, elf_end, slime_end, tomb_end, abyss_end,
          pan_hell_end]

Skill      XL: |  1  2  3  4  5  6  7  8  9 10 11 12 13 14 15 16 17 18 19 20 21 22 |
---------------+-------------------------------------------------------------------+-----
Invocations    | 3 4 5 7 9 10 11 13 14 16 17 19 21 23 25 26 27 | 27.0
Fighting       | 7 8 9 10 11 12 13 14 16 17 19 20 22 24 25 27 | 27.0
Short Blades   | 2 3 4 5 6 8 9 10 12 13 15 16 18 20 21 23 25 26 27 | 27.0
Long Blades    | 2 3 4 5 6 8 9 10 12 13 15 16 18 20 21 23 25 26 27 | 27.0
Axes           | 2 3 4 5 6 8 9 10 12 13 15 16 18 20 21 23 25 26 27 | 27.0
Maces & Flails | 2 3 4 5 6 8 9 10 12 13 15 16 18 20 21 23 25 26 27 | 27.0
Polearms       | 5 6 8 9 10 11 12 14 15 17 18 20 22 23 25 27 | 27.0
Staves         | 2 3 4 5 6 8 9 10 12 13 15 16 18 20 21 23 25 26 27 | 27.0
Slings         | 2 3 4 5 6 8 9 10 12 13 15 16 18 20 21 23 25 26 27 | 27.0
Bows           | 2 3 4 5 6 8 9 10 12 13 15 16 18 20 21 23 25 26 27 | 27.0
Crossbows      | 2 3 4 5 6 8 9 10 12 13 15 16 18 20 21 23 25 26 27 | 27.0
Throwing       | 2 3 4 5 6 8 9 10 12 13 15 16 18 20 21 23 25 26 27 | 27.0
Armour         | 7 8 9 10 11 12 13 14 16 17 19 20 22 24 25 27 | 27.0
Dodging        | 2 3 4 5 6 8 9 10 12 13 15 16 18 20 21 23 25 26 27 | 27.0
Stealth        | 2 3 4 5 6 8 9 10 12 13 15 16 18 20 21 23 25 26 27 | 27.0
Shields        | 7 8 9 10 11 12 13 14 16 17 19 20 22 24 25 27 | 27.0
Unarmed Combat | 2 3 4 5 6 8 9 10 12 13 15 16 18 20 21 23 25 26 27 | 27.0
Spellcasting   | 2 3 4 5 6 8 9 10 12 13 15 16 18 20 21 23 25 26 27 | 27.0
Conjurations   | 2 3 4 5 6 7 9 10 11 12 14 15 17 19 20 21 23 24 | 24.6
Hexes          | 2 3 4 5 6 7 9 10 11 12 14 15 17 19 20 21 23 24 | 24.6
Charms         | 2 3 4 5 6 7 9 10 11 12 14 15 17 19 20 21 23 24 | 24.6
Summonings     | 2 3 4 5 6 7 9 10 11 12 14 15 17 19 20 21 23 24 | 24.6
Necromancy     | 2 3 4 5 6 7 9 10 11 12 14 15 17 19 20 21 23 24 | 24.6
Translocations | 2 3 4 5 6 7 9 10 11 12 14 15 17 19 20 21 23 24 | 24.6
Transmutations | 2 3 4 5 6 7 9 10 11 12 14 15 17 19 20 21 23 24 | 24.6
Fire Magic     | 2 3 4 5 6 7 9 10 11 12 14 15 17 19 20 21 23 24 | 24.6
Ice Magic      | 2 3 4 5 6 7 9 10 11 12 14 15 17 19 20 21 23 24 | 24.6
Air Magic      | 2 3 4 5 6 7 9 10 11 12 14 15 17 19 20 21 23 24 | 24.6
Earth Magic    | 2 3 4 5 6 7 9 10 11 12 14 15 17 19 20 21 23 24 | 24.6
Poison Magic   | 2 3 4 5 6 7 9 10 11 12 14 15 17 19 20 21 23 24 | 24.6
Evocations     | 2 3 4 5 6 8 9 10 12 13 15 16 18 20 21 23 25 26 27 | 27.0

Action                   |  1- 3 |  4- 6 |  7- 9 | 10-12 | 13-15 | 16-18 | 19-21 | 22-24 || total
-------------------------+-------+-------+-------+-------+-------+-------+-------+-------++-------
Melee: Trident           |    17 |    61 |    11 |       |       |       |       |       ||    89
       Bite              |     2 |     4 |     7 |    82 |    61 |    80 |    82 |    21 ||   339
       War axe           |       |       |    31 |       |       |       |       |       ||    31
       Scimitar          |       |       |    38 |   372 |       |    48 |       |       ||   458
       Bardiche          |       |       |       |       |   432 |   647 |   523 |   113 ||  1715
Throw: Javelin           |       |       |       |       |       |       |     5 |       ||     5
Invok: Heroism           |       |     1 |     4 |     8 |    11 |    12 |    12 |     3 ||    51
       Finesse           |       |       |       |     4 |    10 |    11 |    12 |     3 ||    40
  Use: Potion            |     3 |     1 |     1 |     2 |     8 |    11 |    10 |     1 ||    37
       Scroll            |       |     1 |       |       |     3 |     6 |     1 |       ||    11
 Stab: Sleeping          |       |       |       |       |     4 |     8 |     4 |       ||    16
       Distracted        |       |       |       |       |     1 |     2 |     4 |       ||     7
       Invisible         |       |       |       |       |       |    17 |       |       ||    17
       Fleeing           |       |       |       |       |       |       |     1 |       ||     1
  Eat: Chunk             |       |       |     2 |     3 |     3 |    54 |       |       ||    62
       Ration            |       |       |       |     1 |     1 |     1 |     2 |       ||     5
Armor: Scale mail        |     2 |     9 |       |       |       |       |       |       ||    11
       Plate armour      |       |     8 |    13 |    38 |    59 |    62 |    37 |     6 ||   223
Dodge: Dodged            |     1 |    10 |    15 |    69 |   120 |   159 |    75 |    16 ||   465
Block: Shield            |     2 |    19 |    39 |   141 |       |       |       |       ||   201
       Large shield      |       |       |       |       |       |    32 |       |       ||    32
       Rpst.: Scimitar   |       |       |     1 |    17 |       |     2 |       |       ||    20

Table legend:
 A = Non-vault XP
 B = Vault XP
 C = Vault XP percentage of total XP
 D = Non-vault monster count
 E = Vault monster count
 F = Vault count percentage of total count
                 A         B        C        D         E       F
            +---------+---------+-------+---------+---------+-------
      Total |     584 |  486225 |  99.9 |       2 |     394 |  99.5
            +---------+---------+-------+---------+---------+-------
          D |     584 |  486225 |  99.9 |       2 |     394 |  99.5
            +---------+---------+-------+---------+---------+-------
